 Dungeon Crawl Stone Soup version 0.31-a0-702-gf82c85558f (webtiles) character file.

Game seed: 16405566921199361545

618 qw the Shooter (level 7, -1/43 HPs)
             Began as a Gargoyle Hunter on Sept 8, 2023.
             Slain by Edmund
             ... wielding a +4 dire flail of holy wrath
              (12 damage)
             ... on level 5 of the Dungeon.
             The game lasted 00:01:26 (3562 turns).

qw the Shooter (Gargoyle Hunter)                    Turns: 3562, Time: 00:01:26

Health: -1/43      AC: 11    Str: 20    XL:     7   Next: 45%
Magic:  7/7        EV: 12    Int: 10    God:
Gold:   119        SH:  0    Dex: 15    Spells: 6/6 levels left

rFire   . . .        Y - +2 shortbow
rCold   . . .        (shield currently unavailable)
rNeg    + + .        p - +1 leather armour {rN+}
rPois   inf          i - +0 helmet
rElec   +            h - +0 cloak
rCorr   .            (no gloves)
SInv    .            (no boots)
Will    .....        (no amulet)
Stlth   ++           n - +6 ring of strength
HPRegen 0.27/turn    (no ring)
MPRegen 0.10/turn

%: no passive effects
@: no status effects
A: sickness immunity, AC +4, negative energy resistance 1, electricity
resistance, torment resistance 1, petrification resistance
a: no special abilities


You were on level 5 of the Dungeon.
You visited 1 branch of the dungeon, and saw 5 of its levels.

You collected 226 gold pieces.
You spent 107 gold pieces at shops.


Innate Abilities, Weirdness & Mutations

You are immune to sickness and miasma.
Your stone body is resilient. (AC +4)
You are immune to poison.
You resist negative energy. (rN+)
You are resistant to electric shocks. (rElec)
You are resistant to unholy torment.
You are immune to petrification.


   Skills:
 - Level 4.2 Fighting
 + Level 7.4 Ranged Weapons
 - Level 2.3 Armour
 - Level 2.3 Dodging
 - Level 1.1 Stealth


You had 6 spell levels left.
You didn't know any spells.
Your spell library was empty.

Inventory:

Hand Weapons
 Y - a +2 shortbow (weapon)
Armour
 h - a +0 cloak (worn)
 i - a +0 helmet (worn)
 k - a +0 pair of boots
 p - a +1 leather armour of positive energy (worn)
Jewellery
 g - a +6 ring of dexterity
 n - a +6 ring of strength (left hand)
Wands
 a - a wand of digging (4)
Scrolls
 c - a scroll of teleportation
 d - 2 scrolls of identify
 f - a scroll of silence {unknown}
 j - a scroll of brand weapon {unknown}
Potions
 b - a potion of curing
 e - 2 potions of haste
 l - a potion of enlightenment

Dungeon Overview and Level Annotations

Branches:
Dungeon (5/15)
 Temple: D:4-7

Altars:
Dithmenos
Hepliaklqana
Nemelex Xobeh
Trog
Vehumet
Xom
The Shining One

Shops:
D:4 *

Annotations:
D:3 1 runed translucent door, Crazy Yiuf
D:5 Edmund


Message History

The orc wizard gestures wildly while chanting.
The orc wizard flickers and vanishes!
Deactivating autopickup; reactivate with Ctrl-A.
An orc comes into view. It is wielding a +0 war axe.
Edmund zaps a wand.
The puff of flame hits something!
Reactivating autopickup.
The orc shouts!
You shoot an arrow. The arrow hits Edmund!
Edmund is lightly wounded.
You shoot an arrow. The arrow hits Edmund.
Edmund is moderately wounded.
You shoot an arrow.
The arrow hits Edmund but does no damage.
Edmund is moderately wounded.
You shoot an arrow. The arrow hits Edmund.
Edmund is moderately wounded.
You shoot an arrow. The arrow hits Edmund!
Edmund is heavily wounded.
Edmund zaps a wand.
The puff of flame hits you.
You shoot an arrow. The arrow barely misses Edmund.
The arrow hits the orc but does no damage.
Edmund zaps a wand.
The puff of flame hits you!
You shoot an arrow. The arrow hits Edmund!
Edmund is severely wounded.
Edmund barely misses you.
You shoot an arrow. The arrow hits Edmund.
Edmund is severely wounded.
Edmund hits you but does no damage.
You shoot an arrow. The arrow hits Edmund.
Edmund is severely wounded.
Edmund hits you with a +4 dire flail of holy wrath!
You shoot an arrow. The arrow barely misses Edmund.
The arrow hits the orc.
The orc is lightly wounded.
Edmund zaps a wand.
The puff of flame hits you.
Edmund hits you with a +4 dire flail of holy wrath.
You shoot an arrow. The arrow hits Edmund.
Edmund is almost dead.
Edmund hits you with a +4 dire flail of holy wrath!
You die...
Edmund says, "That'll show my brother!"

..................#####.#
###.###.###.............#
#.# #.###.#.#####.####
#.# #.# #.#.# #(....
#.###.# #.#.# #..###
#.....# #.#.# #..#
#.###.# #..# #.# #.# #..#
#.# #@# #..# #.# #@#
#..### #.# #o#
#######..... #..


.oo .........### ### #)# ########.# #)# #.# ... #.# ... #.# #######.### You
could see Edmund and 3 orcs.

Vanquished Creatures
  2 phantoms
  A centaur (D:5)
  2 scorpions (D:4)
  A howler monkey (D:4)
  An orc priest (D:4)
  2 iguanas
  6 adders
  A worm (D:2)
  4 dart slugs
  8 orcs
  6 endoplasms
  4 giant cockroaches
  9 hobgoblins
  3 jackals (D:2)
  3 quokkas
  7 ball pythons
  5 bats
  A frilled lizard (D:1)
  10 goblins
  5 kobolds
  6 rats
87 creatures vanquished.

Vanquished Creatures (others)
  An orc wizard (D:5)
1 creature vanquished.

Grand Total: 88 creatures vanquished

Notes
Turn   | Place    | Note
-------+----------+-------------------------------------------
     0 | D:1      | qw the Gargoyle Hunter began the quest for the Orb.
     0 | D:1      | Reached XP level 1. HP: 12/12 MP: 1/1
     0 | D:1      | 0 ||| qw: Version: 0.3-a-76-g4403597
     0 | D:1      | 0 ||| qw: Game counter: 1054
     0 | D:1      | 0 ||| qw: Melee chars always use a shield: true
     0 | D:1      | 0 ||| qw: God list: Okawaru
     0 | D:1      | 0 ||| qw: Allow faded altars: false
     0 | D:1      | 0 ||| qw: Do Orc after clearing Dungeon:15 true
     0 | D:1      | 0 ||| qw: Do second Lair branch before Depths: true
     0 | D:1      | 0 ||| qw: Lair rune preference: random
     0 | D:1      | 0 ||| qw: Goals: Normal
     0 | D:1      | 0 ||| PLANNING D:1-11
    42 | D:1      | Reached XP level 2. HP: 11/17 MP: 2/2
   463 | D:1      | 463 ||| READING scroll labelled IMMI PITIDDUTH.
   464 | D:1      | 464 ||| READING scroll labelled WIKA IPLALAI.
   465 | D:1      | 465 ||| DROPPING scroll of butterflies.
   476 | D:2      | Reached XP level 3. HP: 21/21 MP: 3/3
   476 | D:2      | 476 ||| STAIRDANCE
   487 | D:2      | HP: 4/21 [hobgoblin (2)]
   491 | D:2      | Reached skill level 5 in Ranged Weapons
   491 | D:2      | 491 ||| STAIRDANCE
   637 | D:2      | Reached skill level 3 in Fighting
   758 | D:2      | Reached XP level 4. HP: 28/28 MP: 4/4
   814 | D:2      | HP: 5/28 [frozen (4)]
  1206 | D:2      | 1206 ||| DRINKING 3 brown potions.
  1638 | D:3      | Found a glowing golden altar of the Shining One.
  2078 | D:3      | Found a hazy altar of Hepliaklqana.
  2159 | D:3      | Found a runed translucent door.
  2160 | D:3      | Noticed Crazy Yiuf
  2163 | D:3      | 2163 ||| UPGRADING to +0 cloak.
  2168 | D:3      | 2168 ||| READING scroll labelled TIUDUS MAGO.
  2249 | D:3      | 2249 ||| DRINKING 2 coppery potions.
  2250 | D:3      | 2250 ||| READING 2 scrolls of identify.
  2250 | D:3      | 2250 ||| IDENTIFYING blue potion
  2340 | D:4      | Found Qoischiup's Assorted Antiques.
  2360 | D:4      | 2360 ||| SHOPLISTING bloodstained leather armour (154 gold,
                  | have 125).
  2360 | D:4      | 2360 ||| SHOPLISTING runed orcbow (143 gold, have 125).
  2360 | D:4      | 2360 ||| BUYING scroll labelled CUESTRE ONIGUU (22 gold).
  2360 | D:4      | Bought a scroll labelled CUESTRE ONIGUU for 22 gold pieces
  2360 | D:4      | 2360 ||| BUYING scroll labelled LADOFR TA HIFOIRE (22
                  | gold).
  2360 | D:4      | Bought a scroll labelled LADOFR TA HIFOIRE for 22 gold
                  | pieces
  2360 | D:4      | 2360 ||| BUYING scroll of identify (44 gold).
  2360 | D:4      | Bought a scroll of identify for 44 gold pieces
  2360 | D:4      | 2360 ||| SHOPLISTING scroll of identify (44 gold, have 37).
  2360 | D:4      | 2360 ||| BUYING silvery potion (19 gold).
  2360 | D:4      | Bought a silvery potion for 19 gold pieces
  2363 | D:4      | Found a shadowy altar of Dithmenos.
  2373 | D:4      | Reached XP level 5. HP: 32/32 MP: 5/5
  2385 | D:4      | HP: 8/32 [orc/+0 flail (4)]
  2386 | D:4      | Reached skill level 6 in Ranged Weapons
  2386 | D:4      | 2386 ||| DRINKING potion of heal wounds.
  2496 | D:4      | Reached XP level 6. HP: 27/38 MP: 6/6
  2581 | D:4      | Found a shimmering altar of Xom.
  2594 | D:4      | Found a radiant altar of Vehumet.
  2827 | D:4      | Found a bloodstained altar of Trog.
  3092 | D:4      | Reached XP level 7. HP: 29/43 MP: 7/7
  3146 | D:4      | Found a sparkling altar of Nemelex Xobeh.
  3177 | D:4      | 3177 ||| UPGRADING to +0 helmet.
  3182 | D:4      | 3182 ||| UPGRADING to +0 ring mail.
  3192 | D:4      | 3192 ||| DROPPING +0 leather armour.
  3193 | D:4      | 3193 ||| UPGRADING to +1 leather armour of positive energy.
  3203 | D:4      | 3203 ||| DROPPING +0 ring mail.
  3204 | D:4      | 3204 ||| DROPPING ring of wizardry.
  3205 | D:4      | 3205 ||| UPGRADING to +6 ring of strength.
  3206 | D:4      | 3206 ||| READING scroll labelled CUESTRE ONIGUU.
  3207 | D:4      | 3207 ||| READING scroll labelled LADOFR TA HIFOIRE.
  3208 | D:4      | 3208 ||| READING scroll labelled ERAHIJA IRRE.
  3209 | D:4      | 3209 ||| READING 3 scrolls of identify.
  3209 | D:4      | 3209 ||| IDENTIFYING fizzy dark potion
  3210 | D:4      | 3210 ||| READING 2 scrolls of identify.
  3210 | D:4      | 3210 ||| IDENTIFYING silvery potion
  3211 | D:4      | 3211 ||| DROPPING potion of lignification.
  3243 | D:5      | Entered Level 5 of the Dungeon
  3299 | D:5      | 3299 ||| READING scroll of enchant weapon.
  3299 | D:5      | 3299 ||| ENCHANTING +1 shortbow.
  3381 | D:5      | Reached skill level 7 in Ranged Weapons
  3548 | D:5      | Noticed Edmund
  3562 | D:5      | Slain by Edmund

Levels and vault maps discovered:
D:1:      wander_arrival_desolate, layout_basic
D:2:      layout_rooms, guppyfry_early_lair_pool
D:3:      layout_basic, nicolae_hepliaklqana_hippocampus,
          general_overflow_altar, uniq_crazy_yiuf_cottage
D:4:      layout_cave_pools, nicolae_dithmenos_shadow_blocks,
          nicolae_overflow_hidden_temple, marbit_many_paths,
          mainiacjoe_overflow_paths, lemuel_coloured_pillars_altar,
          serial_shops, shop, kennysheep_boxes
D:5:      layout_loops_ring, nicolae_overflow_crystal_walls,
          dancing_weapons_uskayaw, uniq_pikel, uniq_blork_the_orc, uniq_edmund

Skill      XL: |  1  2  3  4  5  6  7 |
---------------+----------------------+-----
Ranged Weapons | 5 6 7 |  7.4
Fighting       | 3 4 |  4.2
Armour         | 2 |  2.3
Dodging        | 2 |  2.3
Stealth        | |  1.1

Action                     |  1- 3 |  4- 6 |  7- 9 || total
---------------------------+-------+-------+-------++-------
   Fire: Shortbow          |   105 |   227 |    42 ||   374
    Use: Scroll            |     2 |     2 |     6 ||    10
         Potion            |       |     3 |       ||     3
 Armour: Leather armour    |    32 |    78 |    39 ||   149
  Dodge: Dodged            |    22 |    93 |    23 ||   138

Table legend:
 A = Non-vault XP
 B = Vault XP
 C = Vault XP percentage of total XP
 D = Non-vault monster count
 E = Vault monster count
 F = Vault count percentage of total count
                 A         B        C        D         E       F
            +---------+---------+-------+---------+---------+-------
      Total |     830 |      54 |   6.1 |      86 |       1 |   1.1
            +---------+---------+-------+---------+---------+-------
        D:1 |      35 |       0 |   0.0 |      20 |       0 |   0.0
        D:2 |      85 |       0 |   0.0 |      27 |       0 |   0.0
        D:3 |      35 |       0 |   0.0 |      12 |       0 |   0.0
        D:4 |     418 |      54 |  11.4 |      23 |       1 |   4.2
        D:5 |     257 |       0 |   0.0 |       4 |       0 |   0.0
            +---------+---------+-------+---------+---------+-------
